 Dungeon Crawl Stone Soup version 0.28-a0-317-g21599a725c (webtiles) character file.

Game seed: 12417124737191057068

127969 McIrco the Imperceptible (level 17, -3/117 HPs)
             Began as a Kobold Berserker on Sept 1, 2021.
             Was the Champion of Trog.
             Slain by a jumping spider (14 damage)
             ... on level 1 of the Spider Nest.
             The game lasted 00:58:08 (34900 turns).

McIrco the Imperceptible (Kobold Berserker)        Turns: 34900, Time: 00:58:09

Health: -3/117     AC:  9    Str: 23    XL:     17   Next: 57%
Magic:  6/6        EV: 20    Int: 12    God:    Trog [******]
Gold:   1550       SH:  0    Dex: 15    Spells: 16/16 levels left

rFire   + . .      SeeInvis .   L - +7 pair of quick blades "Gyre" and "Gimble" {protect}
rCold   + . .      Faith    .   (shield currently unavailable)
rNeg    . . .      Spirit   .   A - +0 leather armour "Batwoobb" {+Inv rElec MP-9 Slay+6}
rPois   +          Reflect  .   t - +0 helmet
rElec   +          Harm     .   P - scarf {shadows}
rCorr   .          Rampage  .   J - +1 pair of gloves "Mexuv" {Int+3}
Will    +++..                   i - +1 pair of boots of Webyoc {rElec rPois Str+3 Stlth+}
Stlth   ++++++++++              (no amulet)
HPRegen 1.29/turn               b - ring of protection from cold
MPRegen 0.10/turn               S - ring of protection from fire

@: strong-willed, on berserk cooldown, regenerating, slowed, very slow
A: small, no large weapons, nightstalker 3, low mp 1
a: Renounce Religion, Evoke Invisibility, Berserk, Trog's Hand, Brothers in Arms


You were on level 1 of the Spider Nest.
You worshipped Trog.
Trog was exalted by your worship.
You visited 3 branches of the dungeon, and saw 22 of its levels.
You also visited: Sewer, Bailey, Gauntlet and Ice Cave.

You collected 1625 gold pieces.
You spent 75 gold pieces at shops.

Inventory:

Hand Weapons
 l - the +3 dagger of Xutral {holy, rF++ rC+}
   (You found it on level 12 of the Dungeon)

   It has been blessed by the Shining One to cause great damage to the undead
   and demons.
   rF:        It greatly protects you from fire.
   rC:        It protects you from cold.
 y - a +6 quick blade of flaming
 L - the +7 pair of quick blades "Gyre" and "Gimble" (weapon) {protect}
   (You found it in a bailey)

   It grants its wielder temporary protection when it strikes (+7 to AC).
Missiles
 D - 27 boomerangs (quivered)
 V - 5 boomerangs of dispersal
Armour
 i - the +1 pair of boots of Webyoc (worn) {rElec rPois Str+3 Stlth+}
   (You found it in a Gauntlet)

   Str:       It affects your strength (+3).
   rElec:     It insulates you from electricity.
   rPois:     It protects you from poison.
   Stlth:     It makes you more stealthy.
 t - a +0 helmet (worn)
 A - the +0 leather armour "Batwoobb" (worn) {+Inv rElec MP-9 Slay+6}
   (You found it on level 5 of the Dungeon)

   Slay:      It affects your accuracy & damage with ranged weapons and melee
   (+6).
   rElec:     It insulates you from electricity.
   MP:        It affects your magic capacity (-9).
   +Inv:      It lets you turn invisible.
 J - the +1 pair of gloves "Mexuv" (worn) {Int+3}
   (You found it on level 15 of the Dungeon)

   Int:       It affects your intelligence (+3).
 P - a scarf of shadows (worn)
Jewellery
 b - a ring of protection from cold (left hand)
 c - a ring of poison resistance
 d - a ring of willpower
 o - a +6 ring of intelligence
 p - a ring of flight
 S - a ring of protection from fire (right hand)
 X - a ring of willpower
Wands
 a - a wand of charming (13)
 q - a wand of mindburst (2)
 u - a wand of polymorph (23)
 x - a wand of flame (85)
 z - a wand of iceblast (10)
 Q - a wand of paralysis (14)
Scrolls
 e - 3 scrolls of identify
 g - 7 scrolls of silence
 k - 5 scrolls of teleportation
 m - 6 scrolls of enchant weapon
 r - a scroll of summoning
 s - a scroll of fog
 G - 4 scrolls of enchant armour
 M - 2 scrolls of acquirement
 N - a scroll of magic mapping
 O - a scroll of fear
 R - 4 scrolls of blinking
Potions
 f - a potion of ambrosia
 h - 4 potions of haste
 j - 5 potions of cancellation
 n - a potion of resistance
 w - 2 potions of invisibility
 B - 13 potions of curing
 C - 7 potions of lignification
 F - a potion of might
 I - 5 potions of magic
 K - 8 potions of heal wounds
 W - 3 potions of flight
 Z - 4 potions of attraction
Miscellaneous
 v - a lightning rod (4/4)
 E - a tin of tremorstones (2/2)
 T - a box of beasts
 Y - a phial of floods


   Skills:
 - Level 17.1 Fighting
 - Level 16.6 Short Blades
 - Level 6.2 Throwing
 - Level 6.2 Armour
 - Level 11.3 Dodging
 - Level 22.0 Stealth
 + Level 11.6 Evocations


You had 16 spell levels left.
You didn't know any spells.
Your spell library was empty.

Dungeon Overview and Level Annotations

Branches:
Dungeon (15/15)            Temple (0/1) D:5            Lair (6/6) D:10
 Shoals (0/4) Lair:3       Spider (1/4) Lair:4        Slime (0/5) Lair:5
    Orc (0/2) D:11         Vaults (0/5) D:13         Depths (0/5) D:15
  Sewer (visited)          Bailey (visited)           IceCv (visited)
Gauntlet (visited)

Altars:
Ashenzari
Cheibriados
Dithmenos
Elyvilon
Kikubaaqudgha
Makhleb
Okawaru
Vehumet
Wu Jian
Xom
Zin

Shops:
D:10 *


Innate Abilities, Weirdness & Mutations

You are small and have problems with some larger weapons.
You are completely attuned to the shadows.
Your magical capacity is low. (-10% MP)


Message History

You see here a redback corpse.
You feel a strong urge to attack something.
The jumping spider leaps!
You feel your anger nearly subside.
You are no longer berserk.
You are exhausted.
You feel yourself slow down.
You feel much better.
Unknown command.
Your skin crawls.
You feel strong-willed. The jumping spider pounces on you.
You are caught in a web!
The jumping spider barely misses you.
The jumping spider pounces on you but does no damage.
The jumping spider completely misses you.
The orb spider weaves a glowing orb of energy.
The jumping spider pounces on you but does no damage.
The jumping spider bites you but does no damage.
An orb of destruction comes into view.
The web tears apart.
The orb of destruction hits a rock wall.
The orb spider spins a strand of pure energy.
The jumping spider pounces on you but does no damage.
The jumping spider bites you but does no damage.
The jumping spider leaps!
Unknown command.
The jumping spider leaps!
The orb spider weaves a glowing orb of energy.
An orb of destruction comes into view.
The orb of destruction hits a rock wall.
The orb spider weaves a glowing orb of energy.
The wavering orb of destruction weakly hits you!
* * * LOW HITPOINT WARNING * * *
The orb spider weaves a glowing orb of energy.
An orb of destruction comes into view.
Found a wand of iceblast (6) and a phantom mirror.
The orb of destruction hits you!!
* * * LOW HITPOINT WARNING * * *
The orb spider spins a strand of pure energy.
The jumping spider leaps!
The jumping spider pounces on you!
You die...

..#../.$.....#.##.
....###.††s.....
...........†.......
.#...^°.......
#...°..#!....
#.?°○..s...##.
s...†#s#°s.#
.......#s○..
.#....@☼..##
.....s...# /.#..###
}.....


You could see 4 orb spiders and a jumping spider.

Vanquished Creatures
  Jorgrun (D:15)
  Gastronok (Lair:1)
  The ghost of Kilocaut the Unseen, an adept OpBr of Gozag (D:15)
  Azrael (D:13)
  Nessos (D:12)
  A dire elephant (Gauntlet)
  A minotaur (Gauntlet)
  An ettin (D:15)
  Snorg (Lair:4)
  Erolcha (D:13)
  2 boulder beetles
  11 hydras
  A catoblepas (Lair:5)
  5 vault guards (D:13)
  A hell beast (Gauntlet)
  3 centaur warriors
  9 death yaks
  4 two-headed ogres
  2 tengu warriors
  2 skeletal warriors (D:15)
  The ghost of PirateVox the Fighter, a novice TrMo of Qazlal (D:7)
  A flayed ghost (D:15)
  A shadow dragon zombie (D:15)
  A deep elf archer (D:13)
  A bog body (IceCv)
  A wizard (D:13)
  An orc knight (Bailey)
  2 lindwurms
  A deep elf pyromancer (D:14)
  2 necromancers
  A manticore (D:13)
  6 wolf spiders
  A fire giant zombie (D:15)
  18 ugly things
  A shining eye (shapeshifter) (D:15)
  4 cyclopes
  An orb spider (Spider:1)
  Maurice (D:8)
  11 slime creatures
  A fire giant skeleton (D:15)
  15 elephants
  Joseph (D:8)
  3 black mambas
  2 ice statues (IceCv)
  5 torpor snails
  17 cane toads
  4 gargoyles
  Psyche (D:8)
  Maggie (D:7)
  3 kobold demonologists
  18 komodo dragons
  2 tengu conjurers
  2 efreet (D:15)
  5 ice devils
  2 anaconda simulacra (IceCv)
  2 entropy weaver simulacra (IceCv)
  3 demonic crawlers (Spider:1)
  The ghost of PentaManta the Slinger, a novice SpBe of Trog (D:5)
  5 jumping spiders (Spider:1)
  3 meliai (D:14)
  5 trolls
  16 blink frogs
  A hornet (D:15)
  4 raiju (Lair:6)
  12 polar bears
  8 dream sheep
  A snapping turtle (Lair:3)
  Sigmund (D:3)
  8 redbacks (Spider:1)
  3 spriggans (D:15)
  A shadow (D:11)
  11 wyverns
  5 tarantellas (Spider:1)
  4 dire elephant simulacra (IceCv)
  2 wraiths
  9 basilisks
  6 vampire mosquitoes (D:13)
  56 yaks
  A death yak simulacrum (IceCv)
  4 steam dragons
  2 fire elementals (D:13)
  2 harpy simulacra (IceCv)
  4 wargs (Lair:6)
  2 acid dragons
  16 hell hounds
  Duvessa (D:4)
  19 water moccasins
  13 orc warriors
  15 black bears
  45 wolves
  A necrophage (D:6)
  2 ogres
  A boggart (D:15)
  12 centaurs
  3 phantoms
  3 gnoll sergeants (D:8)
  14 bullfrogs
  12 kobold brigands
  3 wyvern zombies
  4 scorpions
  A two-headed ogre simulacrum (IceCv)
  Dowan (D:4)
  A tengu zombie (D:15)
  7 killer bees
  2 wights (D:7)
  7 howler monkeys (D:8)
  6 electric eels
  5 centaur zombies
  5 jellies
  4 hounds
  Crazy Yiuf (D:4)
  2 bullfrog skeletons
  A gnoll shaman (D:7)
  10 orc priests
  A centaur skeleton (D:7)
  4 iguanas
  5 orc wizards
  A troll simulacrum (IceCv)
  2 hound skeletons (D:4)
  A mummy (D:5)
  2 howler monkey zombies
  A howler monkey skeleton (D:5)
  14 gnolls
  23 adders
  2 river rats (Sewer)
  2 shadow imps (D:8)
  5 white imps
  An ufetubus (IceCv)
  2 adder skeletons
  6 worms
  A dart slug (D:2)
  33 orcs
  3 bats (D:1)
  4 endoplasms
  3 giant cockroaches
  20 goblins
  16 hobgoblins
  6 jackals
  4 quokkas
  10 ball pythons
  2 frilled lizards
  4 kobolds
  5 rats
  A bush (Lair:6)
771 creatures vanquished.

Vanquished Creatures (others)
  A wizard (D:13)
  40 demonic plants (Gauntlet)
  27 fungi
  26 plants
  4 withered plants (D:15)
98 creatures vanquished.

Grand Total: 869 creatures vanquished

Notes
Turn   | Place    | Note
-------+----------+-------------------------------------------
     0 | D:1      | McIrco the Kobold Berserker began the quest for the Orb.
     0 | D:1      | Reached XP level 1. HP: 14/14 MP: 1/1
   153 | D:1      | Reached XP level 2. HP: 19/19 MP: 2/2
   601 | D:1      | Found a faded altar of an unknown god.
   809 | D:1      | Reached XP level 3. HP: 24/24 MP: 3/3
  1002 | D:2      | Reached skill level 1 in Stealth
  1611 | D:2      | Reached XP level 4. HP: 19/29 MP: 4/4
  2101 | D:3      | Noticed Sigmund
  2209 | D:3      | Noticed an ogre
  2220 | D:3      | Killed an ogre
  2221 | D:3      | Reached skill level 5 in Short Blades
  2221 | D:3      | Reached skill level 2 in Stealth
  2221 | D:3      | Reached XP level 5. HP: 33/33 MP: 5/5
  2269 | D:3      | Found a glowing drain.
  2293 | Sewer    | Entered a sewer
  2316 | Sewer    | Noticed a kobold brigand
  2329 | Sewer    | Killed a kobold brigand
  2330 | Sewer    | Reached skill level 3 in Stealth
  2330 | Sewer    | Reached XP level 6. HP: 16/39 MP: 6/6
  2332 | Sewer    | Reached ** piety under Trog
  3409 | Sewer    | Reached skill level 4 in Stealth
  3409 | Sewer    | Reached XP level 7. HP: 27/44 MP: 7/7
  4032 | Sewer    | Reached skill level 5 in Fighting
  4351 | Sewer    | Reached skill level 5 in Dodging
  4356 | Sewer    | Reached XP level 8. HP: 50/50 MP: 8/8
  4663 | D:3      | Found a shadowy altar of Dithmenos.
  4663 | D:3      | Found an ancient bone altar of Kikubaaqudgha.
  4663 | D:3      | Found a white marble altar of Elyvilon.
  4664 | D:3      | Found a shimmering altar of Xom.
  4703 | D:3      | Found an iron altar of Okawaru.
  5348 | D:3      | Killed Sigmund
  5349 | D:3      | Reached skill level 5 in Stealth
  5426 | D:4      | Noticed Duvessa
  5427 | D:4      | Noticed Dowan
  5587 | D:4      | Killed Dowan
  5966 | D:4      | Found a glowing silver altar of Zin.
  5974 | D:4      | Reached skill level 6 in Stealth
  6010 | D:4      | Killed Duvessa
  6851 | D:4      | Reached skill level 7 in Stealth
  6964 | D:4      | Reached *** piety under Trog
  6991 | D:4      | Found a runed translucent door.
  6994 | D:4      | Noticed Crazy Yiuf
  7123 | D:4      | Reached XP level 9. HP: 55/55 MP: 9/9
  7525 | D:4      | Killed Crazy Yiuf
  7634 | D:5      | Entered Level 5 of the Dungeon
  7639 | D:5      | Identified the +0 leather armour "Batwoobb" {+Inv rElec
                  | MP-9 Slay+6}
  7781 | D:5      | Found a staircase to the Ecumenical Temple.
  7817 | D:5      | Reached skill level 8 in Stealth
  7923 | D:5      | Found a snail-covered altar of Cheibriados.
  8169 | D:5      | Found a runed translucent gate.
  8171 | D:5      | Found a runed translucent gate.
  8172 | D:5      | Found a runed translucent gate.
  8426 | D:5      | Noticed PentaManta's ghost (novice SpBe)
  8646 | D:6      | Reached skill level 9 in Stealth
  8652 | D:6      | Reached skill level 10 in Short Blades
  8839 | D:6      | Found a burning altar of Makhleb.
  8841 | D:6      | Noticed a balrug
  8842 | D:6      | Noticed a smoke demon
  8842 | D:6      | Noticed a hellwing
  9836 | D:7      | Reached skill level 10 in Stealth
  9836 | D:7      | Reached XP level 10. HP: 61/61 MP: 1/10
  9999 | D:7      | Reached **** piety under Trog
 10071 | D:7      | Noticed Maggie
 10079 | D:7      | Killed Maggie
 10223 | D:7      | Found a radiant altar of Vehumet.
 10264 | D:7      | Reached skill level 11 in Stealth
 10489 | D:7      | Found a transporter.
 10489 | D:7      | Noticed PirateVox's ghost (novice TrMo)
 10494 | D:7      | Found a transporter.
 10830 | D:8      | Found a transporter.
 10833 | D:8      | Identified a scroll of acquirement
 10833 | D:8      | Acquired a manual of Fighting
 10919 | D:8      | Noticed Psyche
 10934 | D:8      | Reached skill level 12 in Stealth
 10936 | D:8      | Killed Psyche
 11124 | D:8      | Found a transporter.
 11143 | D:8      | Noticed a kobold demonologist
 11248 | D:8      | Found a flagged portal.
 11271 | Bailey   | Entered a bailey
 11590 | Bailey   | Found an iron altar of Okawaru.
 11590 | Bailey   | Noticed a kobold demonologist
 11590 | Bailey   | Noticed a kobold demonologist
 11594 | Bailey   | Noticed a sixfirhy
 11596 | Bailey   | Noticed an orange demon
 11604 | Bailey   | Gained mutation: Your magical capacity is low. (-10% MP) [a
                  | neqoxec]
 11605 | Bailey   | Killed a kobold demonologist
 11606 | Bailey   | Reached XP level 11. HP: 63/69 MP: 0/9
 12041 | Bailey   | Noticed an orc knight
 12058 | Bailey   | Killed an orc knight
 12059 | Bailey   | Reached skill level 13 in Stealth
 12460 | Bailey   | Found the +7 pair of quick blades "Gyre" and "Gimble"
                  | {protect}
 12873 | D:8      | Found an ornate altar of the Wu Jian Council.
 12912 | D:8      | Reached ***** piety under Trog
 12918 | D:8      | Reached skill level 10 in Fighting
 13210 | D:8      | Noticed Joseph
 13217 | D:8      | Killed Joseph
 13244 | D:8      | Noticed Maurice
 13248 | D:8      | Killed Maurice
 14054 | D:9      | Noticed a tengu warrior
 14065 | D:9      | Killed a tengu warrior
 14153 | D:9      | Noticed a two-headed ogre
 14173 | D:9      | Killed a two-headed ogre
 14174 | D:9      | Reached XP level 12. HP: 80/80 MP: 1/10
 14763 | D:10     | Entered Level 10 of the Dungeon
 14775 | D:10     | Found Jeto's Assorted Antiques.
 14780 | D:10     | Bought a puce potion for 25 gold pieces
 14780 | D:10     | Bought a metallic puce potion for 25 gold pieces
 14780 | D:10     | Bought a bubbling green potion for 25 gold pieces
 15031 | D:5      | Killed PentaManta's ghost
 15032 | D:5      | Reached skill level 14 in Stealth
 15234 | D:7      | Killed PirateVox's ghost
 15308 | D:7      | Identified the +2 robe "Pelyudor" {Str+7}
 15813 | D:8      | Reached skill level 1 in Throwing
 16206 | D:10     | Noticed a three-headed hydra
 16210 | D:10     | Killed a three-headed hydra
 16272 | D:10     | Found a broken altar of Ashenzari.
 16548 | D:10     | Found a staircase to the Lair.
 17199 | D:11     | Noticed a two-headed ogre
 17203 | D:11     | Killed a two-headed ogre
 17229 | D:11     | Noticed a two-headed ogre
 17234 | D:11     | Killed a two-headed ogre
 17297 | D:11     | Reached skill level 5 in Throwing
 17511 | D:11     | Found a staircase to the Orcish Mines.
 17527 | D:11     | Reached skill level 15 in Stealth
 17566 | D:11     | Noticed a boulder beetle
 17582 | D:11     | Killed a boulder beetle
 18064 | D:12     | Reached XP level 13. HP: 88/88 MP: 2/11
 18631 | D:12     | Noticed Nessos
 18635 | D:12     | Killed Nessos
 18704 | D:12     | Reached skill level 16 in Stealth
 18708 | D:12     | Noticed a five-headed hydra
 18712 | D:12     | Killed a five-headed hydra
 19102 | D:12     | Identified the +3 dagger of Xutral {holy, rF++ rC+}
 19305 | D:12     | Identified the +9 war axe of the Mind {drain, Int+4}
 19489 | D:13     | Noticed a vault guard
 19606 | D:13     | Noticed a vault guard
 19638 | D:13     | Noticed a vault guard
 19641 | D:13     | Killed a vault guard
 19657 | D:13     | Killed a vault guard
 19855 | D:13     | Noticed a vault guard
 19855 | D:13     | Noticed a vault guard
 19872 | D:13     | Killed a vault guard
 19873 | D:13     | Reached skill level 17 in Stealth
 19880 | D:13     | Killed a vault guard
 20024 | D:13     | Found a gate to the Vaults.
 20033 | D:13     | Identified the +2 leather armour "Qiyng" {rF++ Will- SInv
                  | Stlth+}
 20045 | D:13     | Killed a vault guard
 20499 | D:13     | Noticed Erolcha
 20502 | D:13     | Killed Erolcha
 20575 | D:13     | Noticed Azrael
 20587 | D:13     | Killed Azrael
 21074 | D:13     | Reached XP level 14. HP: 96/96 MP: 3/12
 21328 | D:14     | Reached skill level 18 in Stealth
 21343 | D:14     | Reached skill level 15 in Fighting
 21786 | D:14     | Found a shadowy altar of Dithmenos.
 22352 | D:14     | Reached ****** piety under Trog
 22353 | D:14     | Reached skill level 10 in Dodging
 22878 | D:15     | Entered Level 15 of the Dungeon
 22965 | D:15     | Reached skill level 5 in Armour
 23019 | D:15     | Found a staircase to the Depths.
 23021 | D:15     | Received a gift from Trog
 23026 | D:15     | Reached skill level 19 in Stealth
 23805 | D:15     | Noticed a deep elf annihilator
 23807 | D:15     | Noticed a frost giant
 24196 | D:15     | Noticed Jorgrun
 24206 | D:15     | Killed Jorgrun
 24207 | D:15     | Reached XP level 15. HP: 39/104 MP: 4/13
 24471 | D:15     | Reached skill level 15 in Short Blades
 24617 | D:15     | Found a runed translucent door.
 24620 | D:15     | Identified the +3 trident of Equy {vorpal, rF+ rC+}
 24624 | D:15     | Noticed Kilocaut's ghost (adept OpBr)
 24701 | D:15     | Killed Kilocaut's ghost
 24732 | D:15     | Identified the +1 pair of gloves "Mexuv" {Int+3}
 24916 | Lair:1   | Entered Level 1 of the Lair of Beasts
 25358 | Lair:1   | Reached skill level 20 in Stealth
 25683 | Lair:1   | Noticed Gastronok
 25686 | Lair:1   | Killed Gastronok
 26049 | Lair:2   | Found the +6 arbalest "Damnation" {damnation}
 26366 | Lair:2   | Received a gift from Trog
 27519 | Lair:3   | Reached skill level 21 in Stealth
 28051 | Lair:3   | Reached XP level 16. HP: 87/105 MP: 5/14
 28589 | Lair:3   | Found a staircase to the Shoals.
 28701 | Lair:4   | Reached skill level 1 in Evocations
 28721 | Lair:4   | Found a gate leading to a gauntlet.
 28748 | Gauntlet | Entered a Gauntlet
 28756 | Gauntlet | Found a transporter.
 28780 | Gauntlet | Found a transporter.
 28780 | Gauntlet | Found a transporter.
 28814 | Gauntlet | Found a transporter.
 28828 | Gauntlet | Found a transporter.
 28879 | Gauntlet | Found a transporter.
 28961 | Gauntlet | Found a transporter.
 28978 | Gauntlet | Found a transporter.
 29198 | Gauntlet | Found a transporter.
 29198 | Gauntlet | Found a transporter.
 29300 | Gauntlet | Found a transporter.
 29320 | Gauntlet | Found a transporter.
 29398 | Gauntlet | Identified the +1 pair of boots of Webyoc {rElec rPois
                  | Str+3 Stlth+}
 29811 | Gauntlet | Received a gift from Trog
 29907 | Gauntlet | Identified the ring of Xeuth {rF+ rC- Will+ Str-4 Dex+3}
 29937 | Gauntlet | Identified the +10 arbalest of Gin and Tonic {vorpal, Int+7
                  | Dex-2}
 30135 | Lair:4   | Noticed Snorg
 30138 | Lair:4   | Killed Snorg
 30139 | Lair:4   | Reached skill level 22 in Stealth
 30461 | Lair:4   | Found a hole to the Spider Nest.
 31265 | Lair:5   | Found a frozen archway.
 31286 | IceCv    | Entered an ice cave
 31336 | IceCv    | Reached skill level 5 in Evocations
 31753 | Lair:5   | Found a staircase to the Slime Pits.
 32438 | Lair:5   | Received a gift from Trog
 32834 | Lair:6   | Entered Level 6 of the Lair of Beasts
 33176 | Lair:6   | Reached XP level 17. HP: 95/104 MP: 6/15
 33981 | Lair:6   | Reached skill level 10 in Evocations
 34654 | Spider:1 | Entered Level 1 of the Spider Nest
 34822 | Spider:1 | Received a gift from Trog
 34900 | Spider:1 | Slain by a jumping spider

Illustrated notes

Levels and vault maps discovered:
D:1:      eino_arrival_tree_alley, layout_basic, basic_ecumenical_altar,
          minmay_misc_feat_nine_boxes
D:2:      layout_basic, lemuel_old_faithful
D:3:      layout_basic, mainiacjoe_overflow_alcove_1,
          chequers_temple_overflow_statue_of_worship,
          cheibrodos_sewer_entry_bend, minmay_misc_feat_chi,
          hangedman_feature_mirror, hangedman_glass_teeth,
          minmay_fractal_squares_gapless_5, uniq_sigmund
D:4:      minmay_skewed_foursquare, layout_loops_corners,
          mainiacjoe_overflow_six_doors_small, hangedman_decor_lopped,
          uniq_crazy_yiuf_cottage, uniq_duvessa
D:5:      layout_rooms, slow_altar_2, minmay_temple_entry_hall,
          gammafunk_ghost_necromancy, grunt_decor_cap, water_boxes_lemuel
D:6:      layout_loops_ring, makhleb_altar_promises_db, serial_aquarium,
          aquarium_bridge_long_joined [aquarium_subvault_window,
          aquarium_subvault_bridge, aquarium_subvault_wall,
          aquarium_subvault_bridge, aquarium_subvault_window,
          aquarium_subvault_wall], aquarium_window_fake, aquarium_window_1,
          aquarium_window_corridor_3, aquarium_window_fake, aquarium_view_2d,
          aquarium_view_4, aquarium_pool_double, kennysheep_potato
D:7:      layout_rooms, vehumet_crystals, gammafunk_ghost_mausoleum, uniq_maggie
D:8:      gammafunk_wand_slinger, layout_basic,
          mainiacjoe_overflow_tiny_flanked, enter_bailey_5, serial_bayou_pond_b,
          sigmund_army, uniq_joseph, uniq_psyche, uniq_maurice
D:9:      layout_roguey, hex_tiny
D:10:     layout_basic, ashenzari_conservatory_becter, david_lair_generic,
          serial_shops, nicolae_stop_n_shop_2, hangedman_ranch
D:11:     layout_irregular_city, orc_0_dummy
D:12:     layout_irregular_city, uniq_nessos
D:13:     layout_gridville, grunt_vaults_entry_fortified, uniq_erolcha,
          uniq_azrael
D:14:     layout_small_grid, nicolae_two_hexagons, drop_trap,
          nicolae_dithmenos_shadow_blocks
D:15:     gammafunk_depths_entry_grave, layout_loops_cross,
          ebering_ghost_funeral_grove, roderic_roman_lattice,
          small_statue_alley_a, minmay_radiant, uniq_jorgrun
Lair:1:   minmay_lair_venomous_thicket, layout_loops_ring, uniq_gastronok
Lair:2:   layout_cave_pods, nicolae_quartered_pool_medium
Lair:3:   layout_gridlike, minmay_shoals_entry_hut
Lair:4:   layout_big_grid, dummy_spider_entry, gauntlet_entry_generic,
          beast_lair_carwin_2, grunt_megastairs_4, uniq_snorg
Lair:5:   layout_cellular_growth, slime_dummy, portal_ice_cave_demonic_guard,
          beast_lair_carwin_5
Lair:6:   hangedman_lair_caniforms_friends, layout_regular_city,
          grunt_forest_small_clearing_treed
Spider:1: layout_spider_delve

Skill      XL: |  1  2  3  4  5  6  7  8  9 10 11 12 13 14 15 16 17 |
---------------+----------------------------------------------------+-----
Stealth        | 1 2 3 4 7 10 12 13 15 17 19 21 22 | 22.0
Fighting       | 4 5 6 8 11 13 14 15 16 17 | 17.1
Dodging        | 3 4 5 6 7 8 9 10 11 | 11.3
Short Blades   | 5 6 7 8 10 11 12 13 14 15 16 | 16.6
Armour         | 2 3 4 5 6 |  6.2
Throwing       | 5 6 |  6.2
Evocations     | 6 11 | 11.6

Action                   |  1- 3 |  4- 6 |  7- 9 | 10-12 | 13-15 | 16-18 || total
-------------------------+-------+-------+-------+-------+-------+-------++-------
Melee: Short sword       |    71 |   111 |   358 |   255 |       |       ||   795
       Pair of quick bla |       |       |       |   177 |   564 |   534 ||  1275
Throw: Boomerang         |       |       |       |    43 |       |       ||    43
Invok: Berserk           |     2 |     3 |     9 |    11 |     9 |     5 ||    39
       Trog's Hand       |       |       |       |     1 |       |     1 ||     2
       Brothers in Arms  |       |       |       |     1 |       |       ||     1
 Abil: Evoke Invisibilit |       |       |       |       |     1 |     1 ||     2
  Use: Scroll            |       |     6 |       |    11 |     5 |    11 ||    33
       Potion            |       |       |       |     1 |       |     2 ||     3
 Stab: Sleeping          |    11 |     1 |    35 |    45 |    91 |    87 ||   270
       Distracted        |       |       |     1 |     4 |     4 |    13 ||    22
       Invisible         |       |       |       |     1 |       |    12 ||    13
Armor: Animal skin       |    11 |     5 |    10 |       |       |       ||    26
       Robe              |       |       |    11 |       |       |       ||    11
       Leather armour    |       |       |     7 |    45 |    56 |    77 ||   185
Dodge: Dodged            |    31 |    58 |   163 |   205 |   173 |   220 ||   850

Table legend: (Time is in decaauts)
 A = Elapsed time spent in this place.
 B = Non-inter-level travel time spent in this place.
 C = Inter-level travel time spent in this place.
 D = Time resting spent in this place.
 E = Time spent auto-exploring this place.
 F = Levels seen in this place.
 G = Mean time per level.
                   A        B        C        D        E       F      G
               +--------+--------+--------+--------+--------+-----+--------+
         Total |  34375 |  32942 |   1433 |   6119 |  21902 |  26 | 1322.1 |
       Dungeon |  20878 |  19673 |   1205 |   3618 |  13221 |  15 | 1391.9 |
          Lair |   7662 |   7435 |    227 |    400 |   6183 |   6 | 1277.0 |
   Spider Nest |    197 |    197 |      0 |      0 |    115 |   1 |  197.0 |
         Sewer |   2476 |   2476 |      0 |    852 |   1296 |   1 | 2476.0 |
        Bailey |   1511 |   1511 |      0 |    942 |    311 |   1 | 1511.0 |
      Ice Cave |    379 |    379 |      0 |     98 |    213 |   1 |  379.0 |
      Gauntlet |   1270 |   1270 |      0 |    207 |    562 |   1 | 1270.0 |
               +--------+--------+--------+--------+--------+-----+--------+

Top non-repeatable levels by time:
   Sewer: 2476 daAuts
     D:8: 2098 daAuts
     D:4: 1994 daAuts
    D:15: 1893 daAuts
    D:13: 1883 daAuts
  Lair:6: 1610 daAuts
    D:14: 1574 daAuts
  Bailey: 1511 daAuts
  Lair:2: 1460 daAuts
     D:6: 1431 daAuts
     D:7: 1379 daAuts
    D:12: 1347 daAuts
     D:2: 1275 daAuts
Gauntlet: 1270 daAuts
  Lair:5: 1259 daAuts
